 Seeded DCSS version 0.28-a0-863-g8cecda6153 (webtiles) character file.

Game seed: 20211120 (custom seed)

53 a11behringer the Cudgeller (level 3, 0/31 HPs)
             Began as a Palentonga Berserker on Nov 19, 2021.
             Was a Believer of Trog.
             Slain by an adder (1 damage)
             ... on level 3 of the Dungeon.
             The game lasted 00:06:10 (1874 turns).

a11behringer the Cudgeller (Palentonga Berserker)   Turns: 1874, Time: 00:06:11

Health: 0/31       AC:  9    Str: 21    XL:     3   Next: 64%
Magic:  3/3        EV:  4    Int:  7    God:    Trog [**....]
Gold:   84         SH:  0    Dex:  9    Spells: 2/2 levels left

rFire   . . .      SeeInvis +   a - +0 mace
rCold   . . .      Faith    .   (no shield)
rNeg    . . .      Spirit   .   c - +0 plate armour
rPois   .          Reflect  .   (no helmet)
rElec   .          Harm     .   (no cloak)
rCorr   .          Rampage  .   i - +0 pair of gloves
Will    ++...                   (no barding)
Stlth   ..........              (no amulet)
HPRegen 1.10/turn               (no ring)
MPRegen 0.08/turn               (no ring)

@: lethally poisoned (0 -> -1), strong-willed, regenerating
A: large, rugged brown scales 3, see invisible, deformed body, roll 1, armoured
tail
a: Rolling Charge, Renounce Religion, Berserk, Trog's Hand


You were on level 3 of the Dungeon.
You worshipped Trog.
Trog was pleased with you.
You visited 1 branch of the dungeon, and saw 3 of its levels.

You collected 84 gold pieces.

Inventory:

Hand Weapons
 a - a +0 mace (weapon)
 j - a +0 bardiche
Armour
 b - a +0 animal skin
 c - a +0 plate armour (worn)
 i - a +0 pair of gloves (worn)
 k - a scarf of invisibility
Scrolls
 e - 3 scrolls of enchant weapon
Potions
 d - a potion of attraction {unknown}
 f - a potion of curing {unknown}
 g - a potion of invisibility {unknown}
 h - 2 potions of flight {unknown}


   Skills:
 + Level 3.5 Fighting
 * Level 3.9 Maces & Flails
 + Level 1.8 Armour
 + Level 1.8 Dodging


You had 2 spell levels left.
You didn't know any spells.
Your spell library was empty.

Dungeon Overview and Level Annotations

Branches:
Dungeon (3/15)

Altars:


Innate Abilities, Weirdness & Mutations

You are completely covered in rugged brown scales. (AC +3, +7% HP)
You have supernaturally acute eyesight. (SInv)
Armour fits poorly on your strangely shaped body.
You can roll at nearby foes to attack.
You have a long armoured tail.


Message History

You sock the kobold!
You kill the kobold!
Trog accepts your kill. The adder bites you but does no damage.
You closely miss the adder. The adder bites you.
You are poisoned.
The adder poisons you!
You miss the adder.
You feel sick. The adder completely misses you. The adder bites you.
You are more poisoned.
The adder poisons you!
You closely miss the adder. You tail-slap the adder!
The adder is severely wounded.
You feel sick.
The adder bites you but does no damage. x2
You barely miss the adder.
Your tail-slap misses the adder.
The adder is severely wounded.
You feel sick. The adder bites you.
You barely miss the adder.
The adder is severely wounded.
You feel sick. The adder bites you.
You are more poisoned.
The adder poisons you! The adder bites you but does no damage.
You barely miss the adder.
Your tail-slap misses the adder.
The adder is heavily wounded.
You feel sick. The adder bites you.
* * * LOW HITPOINT WARNING * * *
You closely miss the adder.
The adder is heavily wounded.
* * * LOW HITPOINT WARNING * * *
You feel sick. The adder bites you but does no damage. The adder bites you.
* * * LOW HITPOINT WARNING * * *
You closely miss the adder.
The adder is heavily wounded.
* * * LOW HITPOINT WARNING * * *
You feel sick. The adder bites you but does no damage.
Your skin crawls.
You feel strong-willed.
* * * LOW HITPOINT WARNING * * *
You feel sick. The adder bites you but does no damage. The adder bites you.
You die...

#...# #.###
#.# #.# #[#
#.# #.# #.#
#@# #S# #.#
#.#
####.######.
#...........
#...........
#..........#
#...........#


You could see an adder.

Vanquished Creatures
  An adder (D:2)
  5 bats
  2 endoplasms
  A giant cockroach (D:2)
  3 goblins (D:2)
  3 hobgoblins (D:1)
  4 jackals (D:1)
  11 kobolds
  3 quokkas
  5 ball pythons
  3 rats
41 creatures vanquished.

Vanquished Creatures (others)
  6 plants (D:2)
6 creatures vanquished.

Grand Total: 47 creatures vanquished

Notes
Turn   | Place    | Note
-------+----------+-------------------------------------------
     0 | D:1      | a11behringer the Palentonga Berserker began the quest for
                  | the Orb.
     0 | D:1      | Reached XP level 1. HP: 19/19 MP: 1/1
   301 | D:1      | Reached XP level 2. HP: 22/25 MP: 2/2
   990 | D:2      | Reached XP level 3. HP: 13/31 MP: 3/3
   993 | D:2      | Reached ** piety under Trog
  1769 | D:2      | Found a faded altar of an unknown god.
  1873 | D:3      | HP: 1/31 [poisoned by an adder]
  1874 | D:3      | Slain by an adder

Illustrated notes

Levels and vault maps discovered:
D:1:      wheals_arrival_shading, layout_rooms
D:2:      minmay_kobold_bridge, layout_rooms,
          dilly_ecumenical_altar_fadedgnrine, amcnicky_mini_pool_small,
          chequers_serial_rivers_small_b
D:3:      layout_rooms, serial_bayou_pond_b

Action                   || total
-------------------------++-------
Melee: Mace              ||   133
       Tailslap          ||    11
Invok: Trog's Hand       ||     1
 Abil: Rolling Charge    ||     5
  Use: Scroll            ||     1
 Stab: Sleeping          ||     1
Armor: Animal skin       ||    15
       Plate armour      ||   104
Dodge: Dodged            ||    62

Table legend: (Time is in decaauts)
 A = Elapsed time spent in this place.
 B = Non-inter-level travel time spent in this place.
 C = Inter-level travel time spent in this place.
 D = Time resting spent in this place.
 E = Time spent auto-exploring this place.
 F = Levels seen in this place.
 G = Mean time per level.
                   A        B        C        D        E       F      G
               +--------+--------+--------+--------+--------+-----+--------+
         Total |   1903 |   1706 |    197 |      0 |   1327 |   3 |  634.3 |
       Dungeon |   1903 |   1706 |    197 |      0 |   1327 |   3 |  634.3 |
               +--------+--------+--------+--------+--------+-----+--------+

Top non-repeatable levels by time:
     D:1: 963 daAuts
     D:2: 877 daAuts
     D:3: 62 daAuts
